 Dungeon Crawl Stone Soup version 0.21-a0-352-g5b8f553 (webtiles) character file.

756 Ordine the Slasher (level 7, -4/44 HPs)
             Began as a Tengu Fighter on Oct 10, 2017.
             Slain by an orc warrior
             ... wielding a +0 trident
              (16 damage)
             ... on level 5 of the Dungeon.
             The game lasted 00:11:40 (4092 turns).

Ordine the Slasher (Tengu Fighter)                  Turns: 4092, Time: 00:11:41

Health: -4/44      AC:  6    Str: 17    XL:     7   Next: 79%
Magic:  8/8        EV: 11    Int:  9    God:
Gold:   194        SH:  6    Dex: 14    Spells: 6/6 levels left

rFire    . . .     SeeInvis .   a - +0 long sword
rCold    . . .     Gourm    .   n - +1 buckler
rNeg     . . .     Faith    .   b - +0 scale mail
rPois    .         Spirit   .   j - +0 hat
rElec    .         Reflect  .   x - scarf {cloud immunity}
rCorr    .         Harm     .   (no gloves)
MR       .....                  (boots unavailable)
Stlth    ..........             (no amulet)
HPRegen  0.14/turn              (no ring)
MPRegen  0.11/turn              (no ring)

@: no status effects
A: beak, talons 3, able to fly 1
a: Fly


You were on level 5 of the Dungeon.
You were not hungry.

You visited 1 branch of the dungeon, and saw 5 of its levels.

You collected 194 gold pieces.

Inventory:

Hand Weapons
 a - a +0 long sword (weapon)
Armour
 b - a +0 scale mail (worn)
 c - a +0 shield
 j - a +0 hat (worn)
 n - a +1 buckler (worn)
 x - a scarf of cloud immunity (worn)
Scrolls
 e - 3 scrolls of fog
 g - a scroll of amnesia
 h - 4 scrolls of remove curse
 o - a scroll of immolation
 u - a scroll of teleportation
 z - a scroll of identify
Potions
 d - a potion of might
 i - a potion of mutation
 k - a potion of lignification
 l - 2 potions of haste
 r - a potion of curing
 t - 2 potions of berserk rage
Books
 s - a book of Maledictions

   Spells                             Type                      Level
   a - Corona                         Hexes                        1
   b - Ensorcelled Hibernation        Hexes/Ice                    2
   c - Confuse                        Hexes                        3
   d - Tukima's Dance                 Hexes                        3
   e - Dazzling Spray                 Conjuration/Hexes            3
 y - a book of Minor Magic

   Spells                             Type                      Level
   a - Magic Dart                     Conjuration                  1
   b - Blink                          Translocation                2
   c - Call Imp                       Summoning                    2
   d - Slow                           Hexes                        2
   e - Conjure Flame                  Conjuration/Fire             3
   f - Mephitic Cloud                 Conjuration/Poison/Air       3
Comestibles
 f - 4 bread rations
 m - 6 fruits
 p - 4 meat rations
 q - a royal jelly
 v - 7 chunks of flesh


   Skills:
 - Level 5.0 Fighting
 * Level 6.9 Long Blades
 + Level 3.3 Armour
 + Level 3.0 Dodging
 + Level 4.1 Shields


You had 6 spell levels left.
You didn't know any spells.

Dungeon Overview and Level Annotations

Branches:
Dungeon (5/15)
 Temple: D:4-7

Altars:
Ashenzari
Elyvilon
Fedhas
Gozag
Hepliaklqana
Makhleb
Ru
Uskayaw
Yredelemnul

Shops:
D:4 (


Innate Abilities, Weirdness & Mutations

You have a beak for a mouth.
You have claws for feet.
You can fly.


Message History

You barely miss the orc warrior.
The orc warrior is severely wounded.
The crimson imp barely misses you.
You riposte.
You hit the crimson imp. Your kick misses the crimson imp.
Your peck misses the crimson imp.
The crimson imp is lightly wounded.
The orc warrior hits you with a trident!
You closely miss the orc warrior. Your kick misses the orc warrior.
The orc warrior is severely wounded.
The crimson imp closely misses you.
You barely miss the orc warrior.
You peck the orc warrior, but do no damage.
The orc warrior is severely wounded.
The orc warrior hits you with a trident.
* * * LOW HITPOINT WARNING * * *
The crimson imp misses you.
You hit the orc warrior but do no damage.
Your peck misses the orc warrior.
The orc warrior is severely wounded.
The orc warrior hits you with a trident!
You die...

#
#...################
#...)..5()(......#
#...#####@########.#
# #o)# #.# ##.# #.#
#### .# #.# #.. ..
#.# #.# ... #.###.#
... #.....# .#.#
#####.# #######.#


You could see an orc warrior and a crimson imp.

Vanquished Creatures
  The ghost of gorpus the Magician, an amateur DEWr (D:4)
  A big kobold (D:5)
  A scorpion (D:4)
  A bullfrog skeleton (D:4)
  2 orc priests
  2 orc wizards
  An iguana (D:4)
  4 worker ants
  11 adders
  4 gnolls (D:2)
  An ooze (D:2)
  2 worms
  3 dart slugs (D:1)
  5 leopard geckos
  13 orcs
  3 giant cockroaches
  11 goblins
  8 hobgoblins
  11 jackals
  3 quokkas
  9 ball pythons
  8 bats
  8 frilled lizards
  12 kobolds
  5 rats
130 creatures vanquished.

Vanquished Creatures (others)
  An orc wizard (D:5)
1 creature vanquished.

Grand Total: 131 creatures vanquished

Notes
Turn   | Place    | Note
-------+----------+-------------------------------------------
     0 | D:1      | Ordine the Tengu Fighter began the quest for the Orb.
     0 | D:1      | Reached XP level 1. HP: 14/14 MP: 2/2
    51 | D:1      | Reached XP level 2. HP: 19/19 MP: 3/3
   285 | D:1      | Reached skill level 3 in Long Blades
   449 | D:1      | Reached XP level 3. HP: 23/23 MP: 4/4
  1153 | D:2      | Reached XP level 4. HP: 25/28 MP: 5/5
  1199 | D:2      | Found an opulent altar of Gozag.
  1464 | D:2      | Reached skill level 4 in Long Blades
  1618 | D:2      | Gained mutation: You can fly. [Tengu growth]
  1618 | D:2      | Reached XP level 5. HP: 22/33 MP: 6/6
  1737 | D:2      | Found a burning altar of Makhleb.
  1737 | D:2      | Found a shattered altar of Ashenzari.
  1737 | D:2      | Found a hide-covered altar of Uskayaw.
  1737 | D:2      | Found a sacrificial altar of Ru.
  1857 | D:2      | Found a blossoming altar of Fedhas.
  1857 | D:2      | Found a hazy altar of Hepliaklqana.
  2080 | D:3      | Reached skill level 5 in Long Blades
  2080 | D:3      | Reached XP level 6. HP: 23/38 MP: 4/7
  2102 | D:3      | Found a basalt altar of Yredelemnul.
  2164 | D:3      | Found a white marble altar of Elyvilon.
  2418 | D:3      | Reached skill level 1 in Dodging
  2932 | D:4      | Found Igof's Antique Weapon Shop.
  3240 | D:4      | Reached XP level 7. HP: 40/44 MP: 8/8
  3241 | D:4      | Noticed gorpus's ghost (amateur DEWr)
  3260 | D:4      | Reached skill level 6 in Long Blades
  3278 | D:4      | Killed gorpus's ghost
  3556 | D:5      | Entered Level 5 of the Dungeon
  4041 | D:5      | Reached skill level 5 in Fighting
  4092 | D:5      | Slain by an orc warrior

Vault maps used:
D:1:      eino_arrival_cavern_d, palyth_stone_intersect
D:2:      nicolae_gozag_cash_rules_everything_around_me,
          minmay_overflow_temple_hex, eino_tiny_chamber, minmay_snake_closets
D:3:      elyvilon_altar_5, nicolae_overflow_hidden_temple, minivault_26
D:4:      serial_shops, shop
D:5:      vehumet_altar_wand_db, minmay_temple_entry_nine_rooms, first_bread,
          grunt_decor_clamped, uniq_crazy_yiuf_cottage, uniq_blork_the_orc

Skill      XL: |  1  2  3  4  5  6  7 |
---------------+----------------------+-----
Long Blades    | 3 4 5 6 |  6.9
Shields        | 4 |  4.1
Fighting       | 4 5 |  5.0
Dodging        | 2 3 |  3.0
Armour         | |  3.3

Action                   |  1- 3 |  4- 6 |  7- 9 || total
-------------------------+-------+-------+-------++-------
Melee: Long sword        |    88 |   148 |   101 ||   337
       Kick              |    15 |    44 |    24 ||    83
       Peck              |    13 |    29 |    14 ||    56
 Abil: Fly               |       |     1 |     2 ||     3
  Use: Scroll            |     6 |     7 |     3 ||    16
       Potion            |       |       |     4 ||     4
  Eat: Chunk             |     1 |     7 |     3 ||    11
Armor: Scale mail        |    40 |    53 |    25 ||   118
       Skin              |       |       |    12 ||    12
Dodge: Dodged            |    41 |    81 |    25 ||   147
Block: Shield            |    12 |       |       ||    12
       Buckler           |    15 |    43 |    27 ||    85
       Rpst.: Long sword |     9 |    27 |     9 ||    45

Table legend:
 A = Spawn XP
 B = Non-spawn XP
 C = Spawn XP percentage of total XP
 D = Spawn monster count
 E = Non-spawn monster count
 F = Spawn count percentage of total count
 G = Total turns spent on level
                    A         B        C        D         E        F      G
               +---------+---------+-------+---------+---------+-------+---------
         Total |       0 |    1081 |   0.0 |       0 |     131 |   0.0 |  4092
               +---------+---------+-------+---------+---------+-------+---------
           D:1 |       0 |      63 |   0.0 |       0 |      34 |   0.0 |   945
           D:2 |       0 |     156 |   0.0 |       0 |      30 |   0.0 |  1075
           D:3 |       0 |     208 |   0.0 |       0 |      35 |   0.0 |   833
           D:4 |       0 |     348 |   0.0 |       0 |       8 |   0.0 |   703
           D:5 |       0 |     306 |   0.0 |       0 |      24 |   0.0 |   536
               +---------+---------+-------+---------+---------+-------+---------
